 Dungeon Crawl Stone Soup version 0.25-a0-599-g15d2498 (webtiles) character file.

Game seed: 11086136401404294598, levelgen mode: deterministic

27 2tousent the Skirmisher (level 3, -2/26 HPs)
             Began as a Turtle Disciple on Dec 31, 2019.
             Was a Follower of Wu Jian.
             Killed by divine providence
             ... invoked by an orc priest
              (12 damage)
             ... on level 2 of the Dungeon.
             The game lasted 00:03:04 (1079 turns).

2tousent the Skirmisher (Turtle Disciple)           Turns: 1079, Time: 00:03:04

Health: -2/26      AC:  4    Str: 10    XL:     3   Next: 10%
Magic:  2/2        EV: 12    Int: 13    God:    Wu Jian [*.....]
Gold:   48         SH:  0    Dex: 14    Spells: 2/2 levels left Game modifiers: None

rFire    . . .     SeeInvis .   a - +4 rapier
rCold    . . .     Gourm    .   (no shield)
rNeg     . . .     Faith    .   (armour unavailable)
rPois    .         Spirit   .   i - +0 helmet
rElec    .         Reflect  .   (no cloak)
rCorr    .         Harm     .   (no gloves)
MR       .....                  f - +0 pair of boots
Stlth    +.........             (no amulet)
HPRegen  0.08/turn              (no ring)
MPRegen  0.08/turn              (no ring)

@: no status effects
A: turtle shell, AC +2
a: Renounce Religion


You were on level 2 of the Dungeon.
You worshipped Wu Jian.
Wu Jian was aware of your devotion.
You were not hungry.

You visited 1 branch of the dungeon, and saw 2 of its levels.

You collected 48 gold pieces.

Inventory:

Hand Weapons
 a - a +4 rapier (weapon)
 g - a -1 short sword
Armour
 f - a +0 pair of boots (worn)
 i - a +0 helmet (worn)
Jewellery
 d - an uncursed ring of ice
Scrolls
 e - a scroll of enchant weapon
Potions
 c - a potion of haste {unknown}
 h - a potion of agility {unknown}
Comestibles
 b - a ration


   Skills:
 + Level 3.5 Fighting
 - Level 2.6 Short Blades
 - Level 2.0 Dodging


You had 2 spell levels left.
You didn't know any spells.
Your spell library was empty.

Dungeon Overview and Level Annotations

Branches:
Dungeon (2/15)

Altars:


Innate Abilities, Weirdness & Mutations

Your shell is tough. (AC +2)
You cannot fit into any form of body armour.


Message History

Found 17 sling bullets. 3 orcs and an orc priest come into view.
The orc priest shouts!
The orc priest invokes the aid of Beogh against you.
Beogh smites you!
Ouch! That really hurt!
The orc shouts!
You are too injured to fight recklessly!
You start resting.
The orc is too close now for your liking.
You are too injured to fight recklessly!
You are too injured to fight recklessly!
You are too injured to fight recklessly!
You are too injured to fight recklessly!
You are too injured to fight recklessly!
You are too injured to fight recklessly!
You are too injured to fight recklessly!
The orc priest invokes the aid of Beogh against you.
Beogh smites you!
You die...

#.# . ...# #.# #..
#.########## #.##
##...##........(.# ###..
.......o.........# .....
#.......#o######..#
....##.#.≈...≈.#o# #..#
#.....#.......#.# #..#
#.<#..#.......#.# #..##
##..#..#.......#@######.>.##
.......#.oo.o≈.#.....#...#.##
##..#..#...o...#.###..#.###.#
#†.#..# #.# #..#..##.# #..#
.# #.# #..#..##.# ##..# ..
..# #.#...#.##### ....# ..
.## #...........# ###.# ### #
####..#####.# #.# #.# #..#


You could see an orc priest and 2 orcs.

Vanquished Creatures
  2 leopard geckos (D:1)
  2 giant cockroaches
  3 goblins (D:1)
  6 hobgoblins
  A ball python (D:1)
  3 bats
  A frilled lizard (D:1)
  3 kobolds (D:1)
  2 rats
23 creatures vanquished.

Notes
Turn   | Place    | Note
-------+----------+-------------------------------------------
     0 | D:1      | 2tousent the Turtle Disciple began the quest for the Orb.
     0 | D:1      | Reached XP level 1. HP: 14/14 MP: 0/0
   311 | D:1      | Reached XP level 2. HP: 20/20 MP: 1/1
   549 | D:1      | Reached skill level 3 in Fighting
  1016 | D:2      | Reached XP level 3. HP: 23/26 MP: 2/2
  1079 | D:2      | Killed from afar by an orc priest

Levels and vault maps discovered:
D:1:      wander_arrival_fairy_ring, layout_basic, serial_bayou_pond_d
D:2:      cheibrodos_pilgrimage, layout_loops_ring, elyvilon_altar_1,
          minmay_strange_pillars, minivault_4, uniq_sigmund

Skill      XL: |  1  2 |
---------------+-------+-----
Fighting       | 3 |  3.5
Short Blades   | |  2.6
Dodging        | |  2.0

Action                   || total
-------------------------++-------
Melee: Rapier            ||    51
Invok: Lunge             ||     4
  Use: Scroll            ||     5
 Stab: Sleeping          ||     1
Armor: Skin              ||    16
Dodge: Dodged            ||    18

Table legend:
 A = Non-vault XP
 B = Vault XP
 C = Vault XP percentage of total XP
 D = Non-vault monster count
 E = Vault monster count
 F = Vault count percentage of total count
                 A         B        C        D         E       F
            +---------+---------+-------+---------+---------+-------
      Total |      39 |       0 |   0.0 |      23 |       0 |   0.0
            +---------+---------+-------+---------+---------+-------
        D:1 |      27 |       0 |   0.0 |      16 |       0 |   0.0
        D:2 |      12 |       0 |   0.0 |       7 |       0 |   0.0
            +---------+---------+-------+---------+---------+-------
